[Event "Titled Tuesday Blitz January 10 Late 2023"]
[White "Zanette, Edgard Vinicius"]
[Black "Bambino Filho, Antonio Carlos"]
[WhiteFideId "2109263"]
[BlackFideId "2113163"]
[WhiteElo "2085"]
[BlackElo "2144"]
[Result "0-1"]
[Round "08"]
[TimeControl "180+2"]
[Date "2023.01.10"]
[WhiteClock "0:00:06"]
[BlackClock "0:00:27"]

1. e4 c5 2. Nc3 Nc6 3. f4 g6 4. Nf3 Bg7 5. Bb5 Nd4 6. O-O Nxb5 7. Nxb5 d5 8. exd5 a6 9. Nc3 Nf6 10. d4 c4 11. Ne5 b5 12. Nc6 Qd6 13. Re1 e6 14. Qf3 Bb7 15. f5 Nxd5 16. fxe6 O-O 17. Qxd5 Qxc6 18. Qxc6 Bxd4+ 19. Be3 Bxe3+ 20. Rxe3 Bxc6 21. e7 Rfe8 22. Rd1 Kg7 23. Rd6 Rac8 24. Nd5 Bxd5 25. Rxd5 Rc7 26. Rd6 Rcxe7 27. Rxe7 Rxe7 28. Rxa6 Re2 29. Rb6 Rxc2 30. Rxb5 c3 31. bxc3 Rxc3 32. a4 Ra3 33. Ra5 h5 34. h4 Kf6 35. Kf2 Ke6 36. Ra7 f6 37. Ra5 Kd6 38. Ra6+ Ke5 39. g3 Kf5 40. Kg2 g5 41. hxg5 fxg5 42. Ra8 Kg4 43. Kh2 Ra2+ 44. Kg1 Kxg3 45. Kf1 h4 46. a5 g4 47. a6 h3 0-1


[Site "https://www.chess.com"]

[Event "Titled Tuesday Blitz January 10 Late 2023"]
[White "Urbina Perez, Juan Antonio"]
[Black "Tyagi, Kushan"]
[WhiteFideId "2217368"]
[BlackFideId "2040069"]
[WhiteElo "2266"]
[BlackElo "2060"]
[Result "0-1"]
[Round "08"]
[TimeControl "180+2"]
[Date "2023.01.10"]
[WhiteClock "0:00:04"]
[BlackClock "0:00:12"]

1. d4 Nf6 2. Nf3 e6 3. c4 Bb4+ 4. Nbd2 d5 5. a3 Be7 6. g3 b6 7. Bg2 Bb7 8. O-O O-O 9. Ne5 c5 10. dxc5 bxc5 11. b3 Nbd7 12. Ndf3 Nxe5 13. Nxe5 Qb6 14. Rb1 a5 15. Bg5 Rfd8 16. Qc2 d4 17. Bxb7 Qxb7 18. Nd3 Qc6 19. Bxf6 Bxf6 20. b4 axb4 21. axb4 cxb4 22. Rxb4 e5 23. Rfb1 Rac8 24. Rb5 e4 25. Nf4 d3 26. exd3 exd3 27. Nxd3 Qxc4 28. Qxc4 Rxc4 29. Nf4 h6 30. Nd5 Bd4 31. Rd1 Kh7 32. Kg2 Re8 33. Rd2 Re1 34. Rb7 Re5 35. Nf4 Rf5 36. Rd7 Bb6 37. Nd5 Ba5 38. Re2 Rc5 39. Ne3 Rfe5 40. Rxf7 Bc3 41. Ng4 Rxe2 42. Kf3 Re8 43. Rb7 Rf5+ 44. Kg2 Bd4 45. f4 h5 46. Nf2 Re2 47. Kh3 Rxf2 48. g4 hxg4+ 49. Kh4 Rxh2+ 50. Kxg4 Rf6 51. Kg5 Rg2+ 0-1


[Site "https://www.chess.com"]

[Event "Titled Tuesday Blitz January 10 Late 2023"]
[White "Belenkaya, Dina"]
[Black "Skurikhin, Dmitrij"]
[WhiteFideId "24142654"]
[BlackFideId "4161297"]
[WhiteElo "2267"]
[BlackElo "2297"]
[Result "0-1"]
[Round "08"]
[TimeControl "180+2"]
[Date "2023.01.10"]
[WhiteClock "0:00:04"]
[BlackClock "0:00:44"]

1. Nf3 d5 2. g3 Nf6 3. Bg2 c5 4. O-O Nc6 5. d3 e6 6. Nbd2 Be7 7. e4 b6 8. e5 Nd7 9. Re1 Qc7 10. Qe2 Bb7 11. Nf1 h6 12. h4 O-O-O 13. h5 g6 14. hxg6 fxg6 15. Bh3 Nf8 16. d4 Nxd4 17. Nxd4 cxd4 18. Nh2 Qc4 19. Qd2 Bb4 20. c3 dxc3 21. Qd1 cxb2 22. Bxb2 Bxe1 23. Rc1 Bb4 24. Rxc4+ dxc4 25. Qc2 b5 26. Nf1 Kb8 27. Bc3 Bc5 28. Ba5 Rd3 29. Qb1 a6 30. a3 Nd7 31. Bxe6 Nxe5 32. Ne3 Nf3+ 33. Kf1 Re8 34. Bg4 Bxe3 35. Bxf3 Bxf3 36. fxe3 Rd1+ 37. Qxd1 Bxd1 38. Kf2 Bg4 39. Bc3 Re4 40. Bb4 Kb7 0-1


[Site "https://www.chess.com"]

[Event "Titled Tuesday Blitz January 10 Late 2023"]
[White "Ongut, Tamas Gunes"]
[Black "De Arruda, Leandro Formes"]
[WhiteFideId "770280"]
[BlackFideId "22722009"]
[WhiteElo "2299"]
[BlackElo "1980"]
[Result "1-0"]
[Round "08"]
[TimeControl "180+2"]
[Date "2023.01.10"]
[WhiteClock "0:00:54"]
[BlackClock "0:00:19"]

1. h4 d5 2. c4 e6 3. b3 Nf6 4. Bb2 d4 5. f3 Qd6 6. e3 Qg3+ 7. Ke2 e5 8. Qe1 Qg6 9. exd4 e4 10. d3 e3 11. Kxe3 Bd6 12. Kd2+ Kd8 13. c5 Re8 14. Ne2 Qh6+ 15. Kc2 Bf4 16. Bc1 Nd5 17. Bxf4 Nxf4 18. Qd2 Nxe2 19. Bxe2 Qa6 20. Kb2 Nc6 21. Nc3 Nxd4 22. Qg5+ f6 23. Qd5+ Bd7 24. Qxd4 Re5 25. f4 Re7 26. Rhe1 Kc8 27. Bg4 1-0


[Site "https://www.chess.com"]

[Event "Titled Tuesday Blitz January 10 Late 2023"]
[White "Novikov, Evgenij"]
[Black "Zampronha, Wladimir Camilo"]
[WhiteFideId "4125380"]
[BlackFideId "2103087"]
[WhiteElo "2276"]
[BlackElo "2176"]
[Result "1-0"]
[Round "08"]
[TimeControl "180+2"]
[Date "2023.01.10"]
[WhiteClock "0:00:03"]
[BlackClock "0:00:01"]

1. d4 Nf6 2. c4 e6 3. a3 c5 4. d5 exd5 5. cxd5 d6 6. Nc3 g6 7. Nf3 Bg7 8. e3 O-O 9. Be2 Re8 10. O-O Ne4 11. Nxe4 Rxe4 12. Bd3 Re8 13. Rb1 Nd7 14. b4 b6 15. e4 Nf6 16. Re1 Bg4 17. Bb2 Nd7 18. Bxg7 Kxg7 19. Bb5 Re7 20. h3 Bxf3 21. Qxf3 Ne5 22. Qc3 cxb4 23. axb4 Rc7 24. Qd4 Qf6 25. Qe3 Rac8 26. Ba6 Rc3 27. Bxc8 Rxe3 28. Rxe3 Nc4 29. Re2 Qc3 30. Ba6 Na3 31. Rbb2 b5 32. Bb7 Nc4 33. Ra2 Qxb4 34. Rxa7 Qb1+ 35. Kh2 Qd1 36. Raa2 b4 37. Ba6 b3 38. Bxc4 bxa2 39. Rxa2 Qc1 40. Be2 Qf4+ 41. Kg1 Qc1+ 42. Bf1 g5 43. Re2 Kf6 44. g3 Ke5 45. Kg2 h5 46. Re3 g4 47. hxg4 hxg4 48. Be2 f5 49. exf5+ Kxf5 50. Bd3+ Kg5 51. Re4 Qc5 52. Bc4 Kf5 53. f3 gxf3+ 54. Kxf3 Qa3+ 55. Re3 Qc5 56. Bd3+ Kg5 57. Be4 Qd4 58. g4 Qd1+ 59. Kf2 Qd2+ 60. Re2 Qf4+ 61. Bf3 Qh2+ 62. Ke1 Kf4 63. Be4 Qg1+ 64. Kd2 Qd4+ 65. Kc2 Qc4+ 66. Kd2 Kxg4 67. Bg2 Qb4+ 68. Kc2 Kg3 69. Kd3 Qb5+ 70. Ke3 Qc5+ 71. Kd3 Qb5+ 72. Ke3 Qb3+ 73. Ke4 Qc4+ 74. Ke3 Qf4+ 75. Kd3 Qf5+ 76. Be4 Qf1 77. Kd2 Qf4+ 78. Kd3 Qf1 79. Kd2 Qf4+ 80. Kc3 Qe5+ 81. Kd3 Qa1 82. Rg2+ Kf4 83. Rf2+ Kg5 84. Rf5+ Kg4 85. Rf3 Qb1+ 86. Ke3 Qc1+ 87. Kd3 Qb1+ 88. Ke3 Qc1+ 89. Kd4 Qb2+ 90. Rc3 Qb4+ 91. Kd3 Qb5+ 92. Kd2 Kf4 93. Bd3 Qb2+ 94. Rc2 Qb4+ 95. Rc3 Qb2+ 96. Rc2 Qb4+ 97. Ke2 Qb3 98. Rc4+ 1-0


[Site "https://www.chess.com"]

[Event "Titled Tuesday Blitz January 10 Late 2023"]
[White "Arencibia Monduy, Antonio"]
[Black "Stanisz, Patryk"]
[WhiteFideId "3507939"]
[BlackFideId "1123106"]
[WhiteElo "2122"]
[BlackElo "2161"]
[Result "1-0"]
[Round "08"]
[TimeControl "180+2"]
[Date "2023.01.10"]
[WhiteClock "0:00:51"]
[BlackClock "0:00:05"]

1. e4 c5 2. Nf3 Nc6 3. d4 cxd4 4. Nxd4 Nf6 5. Nc3 e5 6. Ndb5 d6 7. Bg5 a6 8. Na3 b5 9. Nd5 Be7 10. Bxf6 Bxf6 11. c3 O-O 12. Be2 Bg5 13. O-O Rb8 14. Nc2 a5 15. Bg4 b4 16. cxb4 axb4 17. b3 Be6 18. Nce3 Nd4 19. h3 Qd7 20. Qd3 Rfc8 21. Rfc1 Rxc1+ 22. Rxc1 Bxg4 23. hxg4 Rc8 24. Rxc8+ Qxc8 25. Qc4 Qxc4 26. Nxc4 Ne2+ 27. Kf1 Nc3 28. Nxb4 Nxe4 29. f3 Nd2+ 30. Ke2 Nxc4 31. bxc4 Kf8 32. Kd3 Ke7 33. Ke4 Ke6 34. a4 Bd2 35. Nc6 g6 36. a5 f5+ 37. gxf5+ gxf5+ 38. Kd3 Kd7 39. Nxe5+ dxe5 40. Kxd2 Kc6 41. g4 f4 42. Kd3 Kc5 1-0


[Site "https://www.chess.com"]

[Event "Titled Tuesday Blitz January 10 Late 2023"]
[White "Floresvillar Gonzalez, Luis Migu"]
[Black "Estrada Nieto, Julian"]
[WhiteFideId "5100542"]
[BlackFideId "5101018"]
[WhiteElo "2043"]
[BlackElo "2215"]
[Result "0-1"]
[Round "08"]
[TimeControl "180+2"]
[Date "2023.01.10"]
[WhiteClock "0:00:06"]
[BlackClock "0:00:25"]

1. d4 d5 2. c3 Nf6 3. Bg5 Ne4 4. h4 c6 5. Nd2 Bf5 6. Nxe4 Bxe4 7. Qb3 Qb6 8. Qxb6 axb6 9. a3 h6 10. Bf4 Nd7 11. Nf3 Bxf3 12. exf3 b5 13. Bd3 e6 14. O-O Be7 15. g3 O-O 16. Rfe1 Nb6 17. Rad1 Nc4 18. Bxc4 bxc4 19. Bc1 Bd6 20. h5 Rfe8 21. f4 f6 22. Re2 Kf7 23. Rde1 Re7 24. Kg2 Rae8 25. f3 b5 26. g4 e5 27. fxe5 fxe5 28. dxe5 Rxe5 29. Rxe5 Rxe5 30. Rxe5 Bxe5 31. f4 Bf6 32. Kf3 d4 33. cxd4 Bxd4 34. g5 Ke6 35. Ke4 c5 36. f5+ Kd6 37. gxh6 gxh6 38. Bf4+ Ke7 39. Bc1 Kf6 40. Kf4 b4 41. a4 c3 42. bxc3 Bxc3 43. a5 c4 44. Ke4 Be5 45. a6 Bb8 46. Bxh6 b3 47. Bf4 Bxf4 48. a7 b2 49. a8=Q b1=Q+ 50. Kxf4 Qf1+ 51. Ke3 Qd3+ 52. Kf2 Qxf5+ 53. Ke3 Qe5+ 54. Kd2 Qd4+ 55. Kc2 Qd3+ 56. Kc1 Qc3+ 57. Kb1 Qb3+ 58. Kc1 Qe3+ 59. Kc2 Qe2+ 60. Kc3 Qd3+ 61. Kb2 c3+ 62. Ka2 Qc2+ 63. Ka3 Qb2+ 0-1


[Site "https://www.chess.com"]

[Event "Titled Tuesday Blitz January 10 Late 2023"]
[White "Marcolino, Daniel Mattos"]
[Black "Le Goff, Ronan"]
[WhiteFideId "2106841"]
[BlackFideId "612073"]
[WhiteElo "2006"]
[BlackElo "2320"]
[Result "0-1"]
[Round "08"]
[TimeControl "180+2"]
[Date "2023.01.10"]
[WhiteClock "0:02:13"]
[BlackClock "0:02:23"]

1. d4 Nf6 2. Nf3 e6 3. g3 d5 4. Bg2 c5 5. O-O Nc6 6. c4 dxc4 7. Ne5 Bd7 8. Nxc4 cxd4 9. Bg5 Bc5 10. Nbd2 h6 11. Bxf6 Qxf6 12. Ne4 Qe7 13. Nxc5 Qxc5 14. Rc1 O-O 15. a3 Rfd8 16. b4 Qe7 17. Qb3 Rac8 18. Rfd1 e5 19. e3 Be6 20. Qd3 dxe3 0-1


[Site "https://www.chess.com"]

[Event "Titled Tuesday Blitz January 10 Late 2023"]
[White "Tan, Zhongyi"]
[Black "Aung Thant Zin"]
[WhiteFideId "8603642"]
[BlackFideId "13000063"]
[WhiteElo "2517"]
[BlackElo "2268"]
[Result "1-0"]
[Round "08"]
[TimeControl "180+2"]
[Date "2023.01.10"]
[WhiteClock "0:00:19"]
[BlackClock "0:00:46"]

1. e4 c5 2. Nf3 Nc6 3. Bb5 e6 4. Bxc6 bxc6 5. O-O d6 6. e5 Ne7 7. b3 d5 8. d3 Nf5 9. Re1 Be7 10. Nc3 O-O 11. Na4 c4 12. dxc4 dxc4 13. Qe2 Ba6 14. Nb2 Nd4 15. Nxd4 Qxd4 16. Rd1 Qc3 17. bxc4 Rfd8 18. Rb1 Rab8 19. Rxd8+ Bxd8 20. h3 1-0


[Site "https://www.chess.com"]

[Event "Titled Tuesday Blitz January 10 Late 2023"]
[White "Musovic, Armin"]
[Black "Gatterer, Florian"]
[WhiteFideId "939935"]
[BlackFideId "811688"]
[WhiteElo "2261"]
[BlackElo "2170"]
[Result "1-0"]
[Round "08"]
[TimeControl "180+2"]
[Date "2023.01.10"]
[WhiteClock "0:01:26"]
[BlackClock "0:00:13"]

1. a3 d5 2. Nc3 e5 3. d4 exd4 4. Qxd4 Be6 5. e4 c5 6. Qa4+ Bd7 7. Qb3 d4 8. Qxb7 dxc3 9. Qxa8 cxb2 10. Bxb2 Qb6 11. Be5 Bd6 12. Bxd6 Qxd6 13. Rb1 Qd4 14. Qxb8+ Ke7 15. Qb2 Qxe4+ 16. Ne2 Nf6 17. f3 Qe3 18. Qc3 Qe6 19. Qxc5+ Kd8 20. Rb8+ Bc8 21. Rxc8+ Qxc8 22. Qxc8+ Kxc8 23. Kf2 Rd8 24. Nc3 Rd2+ 25. Ke3 Rxc2 26. Ba6+ Kc7 27. Ne4 Nxe4 28. Kxe4 Rxg2 29. Bc4 f6 30. Bg8 h6 31. h4 g5 32. hxg5 hxg5 33. Kf5 Rf2 34. Bd5 Rd2 35. Be4 Rd6 36. Rh7+ Kb6 37. Rb7+ Kc5 38. Rxa7 Kd4 39. Rf7 g4 40. Kxg4 Ke3 41. Kf5 Rd4 42. Rxf6 Ra4 43. Re6 Rxa3 44. Bc6+ Kf2 45. f4 Ra1 46. Kf6 Ra3 47. f5 Ra5 48. Rd6 Ra3 49. Ke7 Rg3 50. f6 Rc3 51. f7 Re3+ 52. Re6 Re1 53. f8=Q+ Kg3 54. Rxe1 Kh2 55. Qf2+ Kh3 56. Rh1+ Kg4 57. Rg1+ 1-0


[Site "https://www.chess.com"]

[Event "Titled Tuesday Blitz January 10 Late 2023"]
[White "Santos Flores, Alberto"]
[Black "Gerbelli Neto, Eduardo"]
[WhiteFideId "3601234"]
[BlackFideId "2103281"]
[WhiteElo "2164"]
[BlackElo "2114"]
[Result "0-1"]
[Round "08"]
[TimeControl "180+2"]
[Date "2023.01.10"]
[WhiteClock "0:00:45"]
[BlackClock "0:00:54"]

1. d4 d5 2. Nf3 Nf6 3. c4 c6 4. cxd5 cxd5 5. Nc3 Nc6 6. Bf4 Bf5 7. e3 e6 8. Qb3 Bb4 9. Bb5 Bxc3+ 10. Qxc3 O-O 11. Bxc6 bxc6 12. Qxc6 Rc8 13. Qa4 Qb6 14. O-O Qxb2 15. Ne5 Bc2 16. Qxa7 Ra8 17. Qc7 Rxa2 18. Rxa2 Qxa2 19. Rc1 Bf5 20. h3 h5 21. f3 Qe2 22. Qc3 Ra8 23. Qc2 Bxc2 0-1


[Site "https://www.chess.com"]

[Event "Titled Tuesday Blitz January 10 Late 2023"]
[White "Vasques, Antonio Pedro Freixial"]
[Black "Reprintsev, Alexander"]
[WhiteFideId "1908332"]
[BlackFideId "14100541"]
[WhiteElo "2214"]
[BlackElo "2253"]
[Result "0-1"]
[Round "08"]
[TimeControl "180+2"]
[Date "2023.01.10"]
[WhiteClock "0:00:42"]
[BlackClock "0:00:45"]

1. e4 d5 2. exd5 Qxd5 3. Nc3 Qa5 4. Nf3 Nc6 5. Bc4 Bg4 6. h3 Qh5 7. O-O Bxf3 8. Qxf3 Qxf3 9. gxf3 Nd4 10. Bd5 c6 11. Be4 Nf6 12. d3 Nxc2 13. Rb1 e6 14. Bg5 Nxe4 15. fxe4 f6 16. Bd2 Nd4 17. f4 O-O-O 18. Be3 Bc5 19. Rfd1 Bb6 20. Kf2 h6 21. b4 g5 22. Na4 Bc7 23. fxg5 hxg5 24. Nc5 Rxh3 25. Bxd4 Rxd4 26. Nxe6 Rdxd3 27. Rxd3 Rxd3 28. Rh1 Bb6+ 29. Ke2 Re3+ 30. Kd2 Rxe4 31. Rh8+ Kd7 32. Ng7 Re5 33. Rh7 Kd6 34. Nh5 f5 35. Rxb7 f4 36. Rg7 f3 37. Rf7 g4 38. Ng3 Bf2 39. Nf1 Be1+ 40. Kd3 Bxb4 41. Ne3 Rg5 42. Rf4 g3 43. Rxf3 g2 44. Nxg2 Rxg2 45. Kc4 a5 46. a3 Bd2 47. Rh3 Bc1 48. Rh6+ Bxh6 0-1


[Site "https://www.chess.com"]

[Event "Titled Tuesday Blitz January 10 Late 2023"]
[White "Abdyzhaparov, Aidar"]
[Black "Womacka, Mathias"]
[WhiteFideId "13800361"]
[BlackFideId "4611390"]
[WhiteElo "1978"]
[BlackElo "2396"]
[Result "0-1"]
[Round "08"]
[TimeControl "180+2"]
[Date "2023.01.10"]
[WhiteClock "0:00:20"]
[BlackClock "0:00:50"]

1. Nf3 c5 2. c4 Nf6 3. Nc3 e6 4. g3 b6 5. Bg2 Bb7 6. O-O Be7 7. d4 cxd4 8. Qxd4 d6 9. Rd1 a6 10. Bg5 Nbd7 11. Qd2 O-O 12. Bf4 Ne8 13. Rac1 Qc7 14. b3 h6 15. h4 Ndf6 16. Bxh6 gxh6 17. Qxh6 Ng7 18. Bh3 Bxf3 19. exf3 Qc5 20. Na4 Qa5 21. Qe3 b5 22. cxb5 axb5 23. Nc3 Rfc8 24. Bf1 b4 25. Na4 Nd5 26. Qd2 Nc3 27. Re1 Nxa4 28. bxa4 Qxa4 29. Bc4 d5 30. Bb3 Qa7 31. Rxc8+ Rxc8 32. Qh6 Nf5 33. Qf4 Qd4 34. Qxd4 Nxd4 35. Kg2 Nxb3 36. axb3 Rc3 37. Re3 Bc5 0-1


[Site "https://www.chess.com"]

[Event "Titled Tuesday Blitz January 10 Late 2023"]
[White "Yashmetov, Mikhail"]
[Black "Guimaraes, Wagner Peixoto"]
[WhiteFideId "24198900"]
[BlackFideId "2100940"]
[WhiteElo "2323"]
[BlackElo "2194"]
[Result "1-0"]
[Round "08"]
[TimeControl "180+2"]
[Date "2023.01.10"]
[WhiteClock "0:00:05"]
[BlackClock "0:00:02"]

1. d4 Nf6 2. c4 e6 3. g3 d5 4. Bg2 Be7 5. Nf3 O-O 6. O-O dxc4 7. Ne5 Nc6 8. Nxc6 bxc6 9. e3 Nd5 10. Qa4 Rb8 11. Rd1 Rb4 12. Qc2 Ba6 13. Na3 Qb8 14. Rb1 Rd8 15. Bd2 Rb6 16. Nxc4 Bxc4 17. Qxc4 Rxb2 18. Rxb2 Qxb2 19. Qxc6 Bd6 20. Bxd5 exd5 21. Qxd5 Rb8 22. Qc4 h6 23. e4 Bb4 24. Bf4 Ba5 25. e5 Rb4 26. Qc5 Qe2 27. Rf1 Rb5 28. Qe7 Bc3 29. Qe8+ Kh7 30. Qxf7 Bxd4 31. Qf5+ Kg8 32. Qc8+ Kh7 33. e6 Rb2 34. e7 Bxf2+ 35. Kg2 Qe4+ 36. Kh3 Qf3 37. Qg4 Qe4 38. e8=Q Qxe8 39. Qf5+ Qg6 40. Qxg6+ Kxg6 41. Kg4 Rxa2 42. Bxc7 Bb6 43. Bf4 Ra4 44. Kf3 1-0


[Site "https://www.chess.com"]

[Event "Titled Tuesday Blitz January 10 Late 2023"]
[White "Dudzinski, Pawel"]
[Black "Gardezi, Arsal"]
[WhiteFideId "1117890"]
[BlackFideId "30949521"]
[WhiteElo "2186"]
[BlackElo "2093"]
[Result "1-0"]
[Round "08"]
[TimeControl "180+2"]
[Date "2023.01.10"]
[WhiteClock "0:00:29"]
[BlackClock "0:00:14"]

1. e4 e6 2. c4 d5 3. cxd5 exd5 4. exd5 Qxd5 5. Nc3 Qd8 6. Bc4 Nf6 7. Qb3 Qe7+ 8. Nge2 Nc6 9. O-O Bd7 10. Qxb7 Rb8 11. Qxc7 Qc5 12. Qf4 Bd6 13. Qe3+ Qxe3 14. dxe3 Ne5 15. Bb3 O-O 16. Nd4 Neg4 17. h3 Ne5 18. e4 Bb4 19. f3 Bc5 20. Be3 Nd3 21. Rab1 Rb4 22. Nc2 Bxe3+ 23. Nxe3 Rc8 24. Rfd1 Nxb2 25. Rxb2 Rxc3 26. Ng4 a5 27. Nxf6+ gxf6 28. Rxd7 a4 29. Bxf7+ 1-0


[Site "https://www.chess.com"]

[Event "Titled Tuesday Blitz January 10 Late 2023"]
[White "Rose, Felix"]
[Black "Seletsky, Grigory"]
[WhiteFideId "5105722"]
[BlackFideId "14112191"]
[WhiteElo "2091"]
[BlackElo "2259"]
[Result "0-1"]
[Round "08"]
[TimeControl "180+2"]
[Date "2023.01.10"]
[WhiteClock "0:00:01"]
[BlackClock "0:01:00"]

1. d4 g6 2. e4 Bg7 3. Nf3 c6 4. h3 d5 5. e5 Nh6 6. Be2 f6 7. Bf4 Nf7 8. Qd2 O-O 9. O-O fxe5 10. dxe5 e6 11. Re1 c5 12. c3 Nc6 13. Na3 a6 14. Bf1 b5 15. Nc2 Bb7 16. Rad1 Qe7 17. Re2 a5 18. Nce1 b4 19. Nd3 Ba6 20. Ree1 bxc3 21. Qxc3 Bxd3 22. Bxd3 c4 23. Bc2 Qb4 24. Bd2 Rfb8 25. Rb1 Bh6 26. Bxh6 Nxh6 27. Ng5 Qxc3 28. bxc3 Nd8 29. Ba4 Nhf7 30. Nxf7 Kxf7 31. f4 Ke7 32. Kf2 Nf7 33. Ke3 g5 34. g3 gxf4+ 35. gxf4 Nh6 36. Rg1 Nf5+ 37. Kf3 Kf7 38. Bc6 Rxb1 39. Rxb1 Ra6 40. Rb7+ Kg6 41. Be8+ Kh6 42. Bf7 a4 43. Bg8 Ng7 44. a3 Kg6 45. Bf7+ Kh6 46. Bg8 Rc6 47. Rb4 d4 48. Ke2 dxc3 49. Rxa4 Nf5 50. Kd1 Nd4 51. Ra7 c2+ 52. Kc1 Rb6 53. Rxh7+ Kg6 54. Rd7 Rb1+ 55. Kd2 c1=Q# 0-1


[Site "https://www.chess.com"]

[Event "Titled Tuesday Blitz January 10 Late 2023"]
[White "Novikova, Galina"]
[Black "Thiel, Thomas"]
[WhiteFideId "4157095"]
[BlackFideId "4615964"]
[WhiteElo "2073"]
[BlackElo "2234"]
[Result "1-0"]
[Round "08"]
[TimeControl "180+2"]
[Date "2023.01.10"]
[WhiteClock "0:02:22"]
[BlackClock "0:02:29"]

1. e4 d5 2. exd5 Nf6 3. Nf3 Nxd5 4. d4 g6 5. Be2 Bg7 6. O-O O-O 7. c4 Nb6 8. h3 Nc6 9. Be3 e5 10. d5 Ne7 11. Nc3 Nf5 12. Bg5 f6 13. Bc1 c6 14. b3 cxd5 15. cxd5 Bd7 16. a4 Nc8 17. Ba3 Ncd6 18. g4 e4 19. Nh2 Rc8 20. Rc1 1-0


[Site "https://www.chess.com"]

[Event "Titled Tuesday Blitz January 10 Late 2023"]
[White "Szyszylo, Rafal"]
[Black "Simonovic, Miroslav"]
[WhiteFideId "1109626"]
[BlackFideId "919152"]
[WhiteElo "2091"]
[BlackElo "2082"]
[Result "1-0"]
[Round "08"]
[TimeControl "180+2"]
[Date "2023.01.10"]
[WhiteClock "0:00:12"]
[BlackClock "0:00:15"]

1. e4 c5 2. Nf3 Nc6 3. Bb5 g6 4. O-O Bg7 5. c3 e5 6. Re1 Nge7 7. d3 O-O 8. Bg5 h6 9. Bh4 g5 10. Bg3 d6 11. a4 Be6 12. Na3 a6 13. Bc4 Qd7 14. h4 g4 15. Nh2 h5 16. f4 exf4 17. Bxf4 Ng6 18. Bg3 Nce5 19. Bxe6 Qxe6 20. d4 Nd7 21. d5 Qe7 22. Nc4 Nde5 23. Ne3 Nxh4 24. Bxh4 Qxh4 25. Nf5 Qf6 26. Rf1 Rad8 27. Qe2 Qg5 28. g3 Rfe8 29. Rf4 Ng6 30. Rf2 Re5 31. Raf1 Bf8 32. Qd3 Rde8 33. Re2 h4 34. gxh4 Nxh4 35. Nxh4 Qxh4 36. Kg2 Rh5 37. Qg3 Qh3+ 38. Qxh3 gxh3+ 39. Kh1 f5 40. Rf4 fxe4 41. Rexe4 Rxe4 42. Rxe4 Bg7 43. Ng4 Be5 44. Nxe5 Rxe5 45. Rxe5 dxe5 46. Kh2 b5 47. axb5 axb5 48. b3 c4 49. bxc4 bxc4 50. Kxh3 Kf7 51. Kg4 Ke7 52. Kf5 Kd6 53. Ke4 Ke7 54. Kxe5 Kd7 55. Kd4 Kd6 56. Kxc4 Kd7 57. Kd4 Kd6 58. c4 Kd7 59. c5 Kc7 60. Ke4 Kd7 61. Ke5 Ke7 62. d6+ Kd7 63. Kd5 Kd8 64. c6 Ke8 65. Ke6 Kd8 66. Kf7 Kc8 67. Ke7 Kb8 68. d7 Ka7 69. c7 Ka6 70. c8=Q+ Kb5 71. d8=Q Kb4 72. Qc1 Kb3 73. Qdd2 Ka4 74. Qdb2 Ka5 75. Qca1# 1-0


[Site "https://www.chess.com"]

[Event "Titled Tuesday Blitz January 10 Late 2023"]
[White "Miszler, Levente"]
[Black "Torres Dominguez, David"]
[WhiteFideId "763276"]
[BlackFideId "2220857"]
[WhiteElo "2271"]
[BlackElo "1994"]
[Result "0-1"]
[Round "08"]
[TimeControl "180+2"]
[Date "2023.01.10"]
[WhiteClock "0:01:25"]
[BlackClock "0:01:29"]

1. e4 Nc6 2. Nf3 e5 3. d4 exd4 4. Nxd4 Nf6 5. Nc3 Bb4 6. Nxc6 bxc6 7. Bd3 d5 8. exd5 O-O 9. O-O cxd5 10. Bg5 Be6 11. Qf3 h6 12. Bh4 g5 13. Bg3 Bg4 14. Qe3 d4 15. Qe5 dxc3 16. bxc3 Bd6 17. Qa5 Re8 18. h4 c5 19. hxg5 Qxa5 20. gxf6 0-1


[Site "https://www.chess.com"]

[Event "Titled Tuesday Blitz January 10 Late 2023"]
[White "Weisz, Bryan"]
[Black "Antonio, Jorge Carlos"]
[WhiteFideId "30934133"]
[BlackFideId "113190"]
[WhiteElo "1973"]
[BlackElo "2277"]
[Result "1-0"]
[Round "08"]
[TimeControl "180+2"]
[Date "2023.01.10"]
[WhiteClock "0:00:48"]
[BlackClock "0:00:12"]

1. e3 e5 2. Ne2 d5 3. d4 exd4 4. Nxd4 c6 5. c4 Nf6 6. Nc3 Bc5 7. Nb3 Bb4 8. Bd2 O-O 9. Bd3 Be6 10. cxd5 Bxc3 11. dxe6 Bxd2+ 12. Qxd2 fxe6 13. O-O-O Qc7 14. Qc2 Nbd7 15. g4 Ne5 16. g5 Nxd3+ 17. Qxd3 Nd5 18. Nd4 Qb6 19. f4 e5 20. Ne6 exf4 21. Nxf8 Rxf8 22. exf4 Nxf4 23. Qc4+ Nd5 24. Rhf1 Re8 25. Rde1 Rxe1+ 26. Rxe1 Qf2 27. Qe2 Qxe2 28. Rxe2 Kf7 29. h4 Kg6 30. Rf2 Nb4 31. Kd2 Nxa2 32. Rf4 b5 33. b4 c5 34. bxc5 b4 35. c6 1-0


[Site "https://www.chess.com"]

[Event "Titled Tuesday Blitz January 10 Late 2023"]
[White "Lopez Idarraga, Daniel Eduardo"]
[Black "Smith, Garrett L"]
[WhiteFideId "4405501"]
[BlackFideId "2024829"]
[WhiteElo "2009"]
[BlackElo "2047"]
[Result "1-0"]
[Round "08"]
[TimeControl "180+2"]
[Date "2023.01.10"]
[WhiteClock "0:00:57"]
[BlackClock "0:00:27"]

1. b3 g6 2. Bb2 Nf6 3. Nc3 c5 4. e4 e5 5. Bc4 Bg7 6. d3 O-O 7. Nge2 Nc6 8. O-O a6 9. a4 Rb8 10. f4 d6 11. Nd5 Nxd5 12. Bxd5 Nd4 13. c3 Nxe2+ 14. Qxe2 Be6 15. c4 exf4 16. Bxg7 Kxg7 17. Rxf4 b5 18. axb5 axb5 19. Ra7 Kg8 20. Bxe6 fxe6 21. Qg4 Rxf4 22. Qxf4 Qf8 23. Qxf8+ Kxf8 24. Rxh7 Kg8 25. Rd7 bxc4 26. bxc4 Rb6 27. Kf2 Kf8 28. Kf3 Ra6 29. Kg4 Ra2 30. Kg5 Rxg2+ 31. Kf6 Rf2+ 32. Kxe6 Rxh2 33. Kxd6 g5 34. Kxc5 g4 35. Rd5 Rh7 36. Rg5 Rg7 37. Rxg7 Kxg7 38. Kd4 1-0


[Site "https://www.chess.com"]

[Event "Titled Tuesday Blitz January 10 Late 2023"]
[White "Colivet Gamboa, Julio Cesar"]
[Black "Clawitter, Craig"]
[WhiteFideId "3949583"]
[BlackFideId "2023105"]
[WhiteElo "1844"]
[BlackElo "2050"]
[Result "1-0"]
[Round "08"]
[TimeControl "180+2"]
[Date "2023.01.10"]
[WhiteClock "0:02:07"]
[BlackClock "0:00:15"]

1. c4 e6 2. g3 d5 3. Bg2 Nf6 4. d4 Be7 5. Nc3 O-O 6. Nf3 dxc4 7. O-O a6 8. Ne5 c5 9. dxc5 Qc7 10. Bf4 Qxc5 11. Na4 Qb5 12. Nxc4 Qxc4 13. Nb6 Qb4 14. Nxa8 Nc6 15. b3 Bd7 16. Nc7 e5 17. Be3 Rc8 18. Nd5 Nxd5 19. Bxd5 Bh3 20. Bg2 Bxg2 21. Kxg2 Qe4+ 22. Kg1 h5 23. Qd3 Qg4 24. Rac1 h4 25. Rc4 Qh3 26. Qe4 hxg3 27. fxg3 Rd8 28. Qf5 Qxf5 29. Rxf5 Nd4 30. Bxd4 exd4 31. Rc7 Bc5 1-0


[Site "https://www.chess.com"]

[Event "Titled Tuesday Blitz January 10 Late 2023"]
[White "Liu, Kelsey"]
[Black "Papp, Petra"]
[WhiteFideId "30944481"]
[BlackFideId "739049"]
[WhiteElo "2065"]
[BlackElo "2343"]
[Result "1-0"]
[Round "08"]
[TimeControl "180+2"]
[Date "2023.01.10"]
[WhiteClock "0:01:06"]
[BlackClock "0:00:20"]

1. e4 c5 2. Nf3 d6 3. Nc3 Nf6 4. e5 dxe5 5. Nxe5 Nbd7 6. d4 e6 7. Bf4 Nxe5 8. dxe5 Nd5 9. Nxd5 Qxd5 10. Bd3 Bd7 11. Qe2 Bc6 12. f3 Be7 13. O-O-O Qxa2 14. c3 O-O 15. Bb1 Qb3 16. h4 c4 17. Rd4 Bd5 18. Rhd1 a5 19. Rxd5 exd5 20. Rxd5 Rfd8 21. Qe4 Rxd5 22. Qxh7+ Kf8 23. Qh8# 1-0


[Site "https://www.chess.com"]